 Dungeon Crawl Stone Soup version 0.22-a0-126-g307c7c3 (webtiles) character file.

49 KristoblXynda the Slasher (level 3, -2/32 HPs)
             Began as a Naga Gladiator on Jan 30, 2018.
             Slain by an adder (3 damage)
             ... on level 2 of the Dungeon.
             The game lasted 00:02:22 (1185 turns).

KristoblXynda the Slasher (Naga Gladiator)          Turns: 1185, Time: 00:02:23

Health: -2/32      AC:  4    Str: 18    XL:     3   Next: 75%
Magic:  3/3        EV:  9    Int:  9    God:
Gold:   41         SH:  0    Dex: 12    Spells: 2/2 levels left

rFire    . . .     SeeInvis +   a - +0 long sword
rCold    . . .     Gourm    .   (no shield)
rNeg     . . .     Faith    .   h - +0 ring mail
rPois    +         Spirit   .   c - +0 helmet
rElec    .         Reflect  .   (no cloak)
rCorr    .         Harm     .   (no gloves)
MR       .....                  (no barding)
Stlth    +.........             (no amulet)
HPRegen  0.10/turn              (no ring)
MPRegen  0.08/turn              (no ring)

@: about to teleport, flying, very slow
A: large, stinger 1, see invisible, deformed body, poison resistance, slowness
2, slow metabolism 1, spit poison 1, strong 1, evolution 1, AC +1
a: Spit Poison


You were on level 2 of the Dungeon.
You were hungry.

You visited 1 branch of the dungeon, and saw 2 of its levels.

You collected 41 gold pieces.

Inventory:

Hand Weapons
 a - a +0 long sword (weapon)
Missiles
 d - 3 throwing nets (quivered)
Armour
 c - a +0 helmet (worn)
 h - a +0 ring mail (worn)
Jewellery
 j - a +4 amulet of reflection {unknown}
Scrolls
 i - a scroll of fear {unknown}
 l - a scroll of amnesia {unknown}
Comestibles
 f - 4 rations


   Skills:
 - Level 2.0 Fighting
 + Level 3.6 Long Blades
 + Level 2.4 Throwing
 + Level 3.0 Dodging


You had 2 spell levels left.
You didn't know any spells.

Dungeon Overview and Level Annotations

Branches:
Dungeon (2/15)

Altars:
Fedhas


Innate Abilities, Weirdness & Mutations

You cannot wear boots.
Your serpentine skin is tough. (AC +1)
You have supernaturally acute eyesight. (SInv)
Armour fits poorly on your strangely shaped body.
Your system is resistant to poisons. (rPois)
You cover ground very slowly.
You have a slow metabolism.
You can spit poison.
Your tail ends in a poisonous barb.
Your muscles are strong. (Str +2)
You evolve.


Message History

The adder closely misses you.
You riposte.
You miss the adder.
Unknown command.
It was a potion of mutation.
You feel extremely strange.
A poisonous barb forms on the end of your tail.
You feel stronger.
You feel nature experimenting on you.
Don't worry, failures die fast.
The adder bites you but does no damage.
It was a potion of flight.
You feel very buoyant.
You fly up into the air.
The adder barely misses you.
You riposte.
You barely miss the adder. You tail-slap the adder!
The adder is severely wounded.
The adder bites you but does no damage.
As you read the scroll labeled TYSAUFFA HAHUGEG, it crumbles to dust.
It is a scroll of identify.
e - a scroll of teleportation The adder bites you but does no damage.
As you read the scroll of teleportation, it crumbles to dust.
You feel strangely unstable. The adder bites you.
You die...

#.#..# #.# ###.#..# #.#
#......## #.# #####.....#.# #.#
#..........# #.###
######.###..g..#####.######.†..
.....!..(##...Krw...............
#######.)######S####.########...
#..######@# #... #..........#
#... ##..........# #...
#(........... #...
#######(.........### ####
.......(........##
#######(.......## #(.#.#####
#(.#.#


You could see a worm, an adder, a goblin, a kobold and a rat.

Vanquished Creatures
  An adder (D:2)
  A dart slug (D:1)
  3 leopard geckos
  2 giant cockroaches (D:1)
  5 goblins
  3 hobgoblins
  4 bats
  3 frilled lizards
  8 kobolds
  7 rats
37 creatures vanquished.

Notes
Turn   | Place    | Note
-------+----------+-------------------------------------------
     0 | D:1      | KristoblXynda the Naga Gladiator began the quest for the Orb.
     0 | D:1      | Reached XP level 1. HP: 19/19 MP: 1/1
    86 | D:1      | Reached XP level 2. HP: 16/26 MP: 2/2
   724 | D:1      | Reached XP level 3. HP: 32/32 MP: 3/3
  1119 | D:2      | Found a blossoming altar of Fedhas.
  1178 | D:2      | HP: 1/32 [goblin/stone (1)]
  1182 | D:2      | Gained mutation: Your tail ends in a poisonous barb. [potion of mutation]
  1182 | D:2      | Gained mutation: Your muscles are strong. (Str +2) [potion of mutation]
  1182 | D:2      | Gained mutation: You evolve. [potion of mutation]
  1185 | D:2      | Slain by an adder

Vault maps used:
D:1:      lemuel_arrival_room, minmay_pentomino_u4
D:2:      fedhas_altar_2

Skill      XL: |  1  2  3 |
---------------+----------+-----
Throwing       | 2 |  2.4
Dodging        | 3 |  3.0
Fighting       | |  2.0
Long Blades    | |  3.6

Action                   || total
-------------------------++-------
Melee: Long sword        ||    78
       Tailslap          ||     1
 Abil: Spit Poison       ||     3
  Use: Potion            ||     3
       Scroll            ||     2
Armor: Leather armour    ||     8
       Ring mail         ||    27
Dodge: Dodged            ||    46
       Rpst.: Long sword ||    15

Table legend:
 A = Spawn XP
 B = Non-spawn XP
 C = Spawn XP percentage of total XP
 D = Spawn monster count
 E = Non-spawn monster count
 F = Spawn count percentage of total count
 G = Total turns spent on level
                    A         B        C        D         E        F      G
               +---------+---------+-------+---------+---------+-------+---------
         Total |       0 |      70 |   0.0 |       0 |      37 |   0.0 |  1185
               +---------+---------+-------+---------+---------+-------+---------
           D:1 |       0 |      39 |   0.0 |       0 |      25 |   0.0 |   993
           D:2 |       0 |      31 |   0.0 |       0 |      12 |   0.0 |   192
               +---------+---------+-------+---------+---------+-------+---------
